 Dungeon Crawl Stone Soup version 0.24.0-13-gcf9b319 (webtiles) character file.

Game seed: 10434431282726623802, levelgen mode: deterministic

18 Bronimir the Grave Robber (level 2, -1/22 HPs)
             Began as a Deep Dwarf Necromancer on Mar 26, 2020.
             Killed from afar by a dart slug (3 damage)
             ... with a slug dart
             ... on level 1 of the Dungeon.
             The game lasted 00:01:29 (479 turns).

Bronimir the Grave Robber (Deep Dwarf Necromancer)   Turns: 479, Time: 00:01:30

Health: -1/22      AC:  2    Str: 11    XL:     2   Next: 48%
Magic:  3/4        EV: 12    Int: 15    God:
Gold:   27         SH:  0    Dex: 13    Spells: 2/4 levels left

rFire    . . .     SeeInvis .   b - +0 mace
rCold    . . .     Gourm    .   (no shield)
rNeg     + . .     Faith    .   a - +0 robe
rPois    .         Spirit   .   (no helmet)
rElec    .         Reflect  .   (no cloak)
rCorr    .         Harm     .   (no gloves)
MR       .....                  (no boots)
Stlth    ++........             (no amulet)
HPRegen  0.00/turn              f - ring of positive energy
MPRegen  0.09/turn              j - ring of flight

@: non-regenerating
A: damage resistance, heal wounds, sense surroundings 1, no regeneration
a: Heal Wounds, Evoke Flight


You were on level 1 of the Dungeon.
You were not hungry.

You visited 1 branch of the dungeon, and saw 1 of its levels.

You collected 27 gold pieces.

Inventory:

Hand Weapons
 b - a +0 mace (weapon)
Armour
 a - a +0 robe (worn)
Jewellery
 f - a ring of positive energy (left hand)
 j - a ring of flight (right hand)
Scrolls
 d - a scroll of enchant weapon {unknown}
 e - a scroll of identify {unknown}
 i - a scroll of teleportation {unknown}
Potions
 h - a potion of invisibility {unknown}
 k - 2 potions of mutation {unknown}
Comestibles
 c - 2 rations


   Skills:
 * Level 1.0 Armour
 + Level 2.2 Dodging
 - Level 2.4 Stealth
 * Level 1.8 Spellcasting
 * Level 4.9 Necromancy


You had 2 spell levels left.
You knew the following spells:

 Your Spells              Type           Power        Failure   Level  Hunger
a - Pain                  Necr           ###.         3%          1    ##.....
b - Animate Skeleton      Necr           N/A          3%          1    ##.....

Your spell library contained the following spells:

 Spells                   Type           Power        Failure   Level  Hunger
 Vampiric Draining        Necr           ###.......   9%          3    ####...
 Animate Dead             Necr           N/A          28%         4    #####..
 Regeneration             Chrm/Necr      Unusable     N/A         3    N/A

Dungeon Overview and Level Annotations

Branches:
Dungeon (1/15)

Altars:


Innate Abilities, Weirdness & Mutations

You are resistant to damage.
You can heal yourself by infusing magical energy.
You passively map a small area around you.
You do not regenerate.


Message History

The goblin shouts!
The hobgoblin hits you.
Casting: Pain (safe; 3% risk of failure)
Confirm with . or Enter, or press ? or * to list all spells.
Aiming: Pain (safe; 3% risk of failure)
Press: ? - help, Shift-Dir - straight line, f/p - hobgoblin
Aim: a hobgoblin (moderately wounded, chance to defeat MR: 87%)
The hobgoblin writhes in agony!
You kill the hobgoblin!
A hobgoblin comes into view. It is wielding a +0 club.
The dart slug launches a dart at you. The slug dart hits you.
The dart slug launches a dart at you. The slug dart misses you.
The dart slug launches a dart at you. The slug dart hits you!
* * * LOW HITPOINT WARNING * * *
The dart slug launches a dart at you. The slug dart hits you.
You die...

#### #.# #Z# #.# ,
...###.######.# #># ,
,#...#.##...Z.# #.#
#...#.##.##### #.# *
###....##.# #.# ,
#[#....##.#############.# *
##.##....................#
,
,#...#..###.######.....####
* ##...##gw.@............#
#$....#.#####.###.(....####
, #.(#...†.#.#
#..............
.....g...w.#
#####....######
##.......g## ####.######
########## #.......
########


You could see a dart slug and a goblin.

Vanquished Creatures
  An ooze (D:1)
  2 dart slugs (D:1)
  A giant cockroach (D:1)
  A goblin (D:1)
  A hobgoblin (D:1)
  2 frilled lizards (D:1)
  A kobold (D:1)
  3 rats (D:1)
12 creatures vanquished.

Notes
Turn   | Place    | Note
-------+----------+-------------------------------------------
     0 | D:1      | Bronimir the Deep Dwarf Necromancer began the quest for the
                  | Orb.
     0 | D:1      | Reached XP level 1. HP: 15/15 MP: 3/3
   140 | D:1      | Reached XP level 2. HP: 10/22 MP: 2/4
   143 | D:1      | Learned a level 1 spell: Animate Skeleton
   284 | D:1      | Reached skill level 1 in Armour
   479 | D:1      | Killed from afar by a dart slug

Levels and vault maps discovered:
D:1:      dpeg_arrival_rhombus, layout_loops_ring, roderic_roman_lattice,
          minmay_unequal

Skill      XL: |  1  2 |
---------------+-------+-----
Armour         | 1 |  1.0
Dodging        | |  2.2
Stealth        | |  2.4
Spellcasting   | |  1.8
Necromancy     | |  4.9

Action                   || total
-------------------------++-------
Melee: Mace              ||    12
 Cast: Pain              ||    16
       Animate Skeleton  ||     2
Armor: Robe              ||     1
Dodge: Dodged            ||    10
